[Event "FIDE WAC U1700 2021"]
[Site "Rhodes"]
[Date "2021.10.17"]
[Round "1.2"]
[White "Vanacker, Jeroen"]
[Black "Alasad, Tareq"]
[Result "0-1"]
[ECO "E90"]
[WhiteElo "1689"]
[BlackElo "1372"]
[Annotator "NA"]
[PlyCount "41"]
[EventDate "2021.10.17"]
[EventType "swiss"]
[EventCountry "GRE"]
[SourceTitle "playchess.com"]
[Source "ChessBase"]
[SourceQuality "1"]
[TimeControl "5400+30"]

1. e4 c5 2. Nf3 g6 3. d4 Bg7 4. d5 d6 5. c4 Nf6 6. Nc3 O-O 7. Bd3 Nbd7 8. O-O Ng4 9. Rb1 a6 10. h3 Nge5 11. Nxe5 Nxe5 12. f4 Nxd3 13. Qxd3 f5 14. Bd2 fxe4 15. Nxe4 Bf5 16. Rbe1 Bxb2 17. Qb3 Bd4+ 18. Kh1 Rb8 19. Ng5 Qc7 20. Qg3 Bg7 21. Qh4 0-1

[Event "FIDE WAC U1700 2021"]
[Site "Rhodes"]
[Date "2021.10.17"]
[Round "1.3"]
[White "Alban Mendez, Carlos Billy"]
[Black "Alhejab, Meshal"]
[Result "0-1"]
[ECO "D03"]
[WhiteElo "1322"]
[BlackElo "1681"]
[Annotator "NA"]
[PlyCount "78"]
[EventDate "2021.10.17"]
[EventType "swiss"]
[EventCountry "GRE"]
[SourceTitle "playchess.com"]
[Source "ChessBase"]
[SourceQuality "1"]
[TimeControl "5400+30"]

1. d4 Nf6 2. Nf3 d5 3. Bg5 Bf5 4. e3 e6 5. c3 Be7 6. Qb3 Nbd7 7. Nbd2 c5 8. c4 Bg4 9. Bd3 cxd4 10. exd4 Bxf3 11. Nxf3 h6 12. Bf4 dxc4 13. Bxc4 Qa5+ 14. Bd2 Qb6 15. Qxb6 axb6 16. O-O O-O 17. Rfe1 Rfd8 18. h3 Nb8 19. a3 Nc6 20. Be3 Ne8 21. Rad1 Nc7 22. Ne5 Nd5 23. Bc1 Bf6 24. Bb5 Nde7 25. Be3 Rac8 26. Nf3 Na5 27. Rc1 Nec6 28. Red1 Nb3 29. Rc4 Ncxd4 30. Rxc8 Nxf3+ 31. gxf3 Rxc8 32. Bxb6 Bxb2 33. Rb1 Rc1+ 34. Rxc1 Bxc1 35. a4 Bb2 36. Bd7 Bd4 37. Bc7 b6 38. Bb5 Bc5 39. Kg2 Kf8 0-1

[Event "FIDE WAC U1700 2021"]
[Site "Rhodes"]
[Date "2021.10.17"]
[Round "1.4"]
[White "Gautier, Marc"]
[Black "Kalpakidis, Konstantinos"]
[Result "1-0"]
[ECO "B07"]
[WhiteElo "1684"]
[BlackElo "1309"]
[Annotator "NA"]
[PlyCount "75"]
[EventDate "2021.10.17"]
[EventType "swiss"]
[EventCountry "GRE"]
[SourceTitle "playchess.com"]
[Source "ChessBase"]
[SourceQuality "1"]
[TimeControl "5400+30"]

1. e4 d6 2. d4 Nf6 3. Bd3 c6 4. f4 g6 5. Nf3 Bg7 6. O-O Bg4 7. h3 Be6 8. Ng5 Qb6 9. Nxe6 fxe6 10. c3 Nbd7 11. Na3 e5 12. Nc4 Qc7 13. fxe5 dxe5 14. Be3 O-O 15. Qb3 Kh8 16. Nd2 c5 17. d5 a6 18. a4 Rfb8 19. Nf3 Rc8 20. c4 b6 21. Ng5 Kg8 22. Qc3 Bh6 23. Bc2 Nh5 24. Ne6 Bxe3+ 25. Qxe3 Qd6 26. Bd1 Nf4 27. Bg4 Nf6 28. Nxf4 Nxg4 29. hxg4 exf4 30. Qxf4 Qd7 31. e5 Rf8 32. Qe4 Rxf1+ 33. Kxf1 Rf8+ 34. Kg1 b5 35. axb5 axb5 36. b3 bxc4 37. Qxc4 Qc7 38. d6+ 1-0

[Event "FIDE WAC U1700 2021"]
[Site "Rhodes"]
[Date "2021.10.17"]
[Round "1.5"]
[White "Kalpakidis, Daniel Kyriakos"]
[Black "Ainakul, Mukhtar"]
[Result "0-1"]
[ECO "A48"]
[WhiteElo "1277"]
[BlackElo "1674"]
[Annotator "NA"]
[PlyCount "92"]
[EventDate "2021.10.17"]
[EventType "swiss"]
[EventCountry "GRE"]
[SourceTitle "playchess.com"]
[Source "ChessBase"]
[SourceQuality "1"]
[TimeControl "5400+30"]

1. d4 Nf6 2. e3 g6 3. Bd3 Bg7 4. b3 O-O 5. Bb2 d6 6. Nf3 Nc6 7. O-O Re8 8. c4 e5 9. d5 Nb4 10. e4 Nxd3 11. Qxd3 Nh5 12. Bc1 f5 13. Nc3 Nf6 14. Ng5 h6 15. Ne6 Bxe6 16. dxe6 fxe4 17. Nxe4 Rxe6 18. Nxf6+ Qxf6 19. Bb2 Qf5 20. Qxf5 gxf5 21. f4 exf4 22. Bxg7 Kxg7 23. Rxf4 Rf8 24. Rd1 Re2 25. Rf2 Rfe8 26. Rd5 Re1+ 27. Rf1 Rxf1+ 28. Kxf1 Re5 29. Rd3 b5 30. cxb5 Rxb5 31. Rd4 Rc5 32. a4 a5 33. Rd3 Kf6 34. Rh3 Kg5 35. Rg3+ Kf4 36. Rg6 h5 37. Rg3 Ke4 38. Ke2 Rc2+ 39. Kd1 Rf2 40. Ke1 Rb2 41. Kf1 d5 42. Rc3 d4 43. Rxc7 d3 44. Ke1 Rxg2 45. Ra7 d2+ 46. Kd1 Kd3 0-1

[Event "FIDE WAC U1700 2021"]
[Site "Rhodes"]
[Date "2021.10.18"]
[Round "2.1"]
[White "Alhejab, Meshal"]
[Black "Keskin, Cengiz"]
[Result "1-0"]
[ECO "B30"]
[WhiteElo "1681"]
[BlackElo "1499"]
[Annotator "NA RC"]
[PlyCount "87"]
[EventDate "2021.10.17"]
[EventType "swiss"]
[EventCountry "GRE"]
[SourceTitle "playchess.com"]
[Source "ChessBase"]
[SourceQuality "1"]
[TimeControl "5400+30"]

1. e4 c5 2. Nf3 Nc6 3. Bb5 Nf6 4. e5 Ng8 5. O-O e6 6. Re1 Nge7 7. Ng5 Ng6 8. Qh5 Be7 9. Nxh7 Bg5 10. Bd3 Ncxe5 11. Rxe5 Nxe5 12. Qxg5 Qxg5 13. Nxg5 Nxd3 14. cxd3 d5 15. f4 Bd7 16. Nc3 f6 17. Nf3 O-O-O 18. Rb1 a5 19. b3 b5 20. f5 Rh5 21. fxe6 Bc6 22. d4 b4 23. Ne2 c4 24. a3 g5 25. Ng3 Rh7 26. Nf5 Kc7 27. e7 Rdh8 28. axb4 axb4 29. bxc4 dxc4 30. Rxb4 Bxf3 31. gxf3 Rxh2 32. e8=Q Rh1+ 33. Kg2 Rxe8 34. Rxc4+ Kd7 35. Kxh1 Re2 36. Ba3 Rxd2 37. Ra4 Rf2 38. d5 Rxf3 39. Ra7+ Kd8 40. Be7+ Kc8 41. d6 Rd3 42. Bxf6 g4 43. Ne7+ Kb8 44. Nc6+ 1-0

[Event "FIDE WAC U1700 2021"]
[Site "Rhodes"]
[Date "2021.10.18"]
[Round "2.2"]
[White "Farhaan, M."]
[Black "Gautier, Marc"]
[Result "1-0"]
[ECO "D04"]
[WhiteElo "1529"]
[BlackElo "1684"]
[Annotator "NA RC"]
[PlyCount "121"]
[EventDate "2021.10.17"]
[EventType "swiss"]
[EventCountry "GRE"]
[SourceTitle "playchess.com"]
[Source "ChessBase"]
[SourceQuality "1"]
[TimeControl "5400+30"]

1. d4 d5 2. Nf3 Nf6 3. e3 c6 4. Bd3 Bg4 5. Nbd2 e6 6. h3 Bh5 7. c3 Nbd7 8. e4 dxe4 9. Nxe4 Nxe4 10. Bxe4 Nf6 11. Bc2 Qd5 12. Be3 Bxf3 13. Qxf3 Qxf3 14. gxf3 Nd5 15. Rg1 g6 16. Ke2 Bd6 17. Rae1 O-O-O 18. Bb3 Rhe8 19. Bxd5 exd5 20. Kd3 Re6 21. Bg5 Rde8 22. Kd2 Rxe1 23. Rxe1 Rxe1 24. Kxe1 Kd7 25. b3 Ke6 26. c4 Kf5 27. Bd8 Kf4 28. Ke2 Bf8 29. Bf6 Kf5 30. Be5 Bh6 31. Bb8 a6 32. cxd5 cxd5 33. Bc7 Bf4 34. Bd8 Bc1 35. Bc7 Kg5 36. Bd8+ Kh5 37. Kf1 Bg5 38. Bc7 Bf6 39. Bb6 Kg5 40. a4 Kf5 41. Ke2 Bg5 42. Bc7 Ke6 43. Kd3 Kf5 44. Ke2 Bc1 45. Bb6 Bb2 46. Bc5 Kg5 47. Kf1 f5 48. Bb6 Kh4 49. Kg2 Bc3 50. Bc5 g5 51. Bb6 g4 52. hxg4 fxg4 53. f4 Be1 54. Bd8+ Kh5 55. f5 Kh6 56. Bf6 Kh5 57. Kg3 Bd2 58. Bd8 Be1 59. Be7 Kh6 60. Kxg4 Bxf2 61. Bf8# 1-0

[Event "FIDE WAC U1700 2021"]
[Site "Rhodes"]
[Date "2021.10.18"]
[Round "2.3"]
[White "Ainakul, Mukhtar"]
[Black "Murad, Bino"]
[Result "1-0"]
[ECO "E97"]
[WhiteElo "1674"]
[BlackElo "1522"]
[Annotator "NA RC"]
[PlyCount "104"]
[EventDate "2021.10.17"]
[EventType "swiss"]
[EventCountry "GRE"]
[SourceTitle "playchess.com"]
[Source "ChessBase"]
[SourceQuality "1"]
[TimeControl "5400+30"]

1. d4 Nf6 2. c4 g6 3. Nc3 Bg7 4. e4 d6 5. Nf3 O-O 6. Be2 e5 7. O-O Nc6 8. d5 Ne7 9. b4 Nh5 10. c5 f5 11. Ng5 Nf6 12. f3 f4 13. Qb3 Kh8 14. Rd1 Ne8 15. Kh1 Nxd5 16. Nxh7 Nxc3 17. Nxf8 Nxe2 18. Nxg6+ Kh7 19. Qf7 Nf6 20. Bb2 Qe8 21. Nxe5 Qxf7 22. Nxf7 Ng4 23. Rf1 Bxb2 24. Rab1 Bd4 25. fxg4 Bxg4 26. Ng5+ Kg6 27. Nf3 dxc5 28. bxc5 Bxc5 29. Rb2 Bxf3 30. gxf3 Nd4 31. Rg2+ Kf6 32. Rg4 Ne6 33. Rd1 Rh8 34. Rd5 Bd6 35. Kg2 b6 36. h4 a5 37. h5 Rh6 38. Kh3 Be5 39. Kh4 c6 40. Rd2 Ng7 41. Rg5 Ne6 42. Rf5+ Ke7 43. Rxe5 Kf6 44. Rf5+ Ke7 45. e5 c5 46. Rf6 Rh8 47. Rd6 Nd4 48. Rxf4 b5 49. Rff6 b4 50. Ra6 Rc8 51. Ra7+ Ke8 52. h6 Ra8 1-0

[Event "FIDE WAC U1700 2021"]
[Site "Rhodes"]
[Date "2021.10.18"]
[Round "2.4"]
[White "Shek, Daniel"]
[Black "Bozkurt, Serkan"]
[Result "0-1"]
[ECO "D02"]
[WhiteElo "1522"]
[BlackElo "1668"]
[Annotator "NA RC"]
[PlyCount "98"]
[EventDate "2021.10.17"]
[EventType "swiss"]
[EventCountry "GRE"]
[SourceTitle "playchess.com"]
[Source "ChessBase"]
[SourceQuality "1"]
[TimeControl "5400+30"]

1. d4 Nf6 2. Bf4 g6 3. e3 Bg7 4. Nd2 d5 5. Bd3 O-O 6. Ngf3 c5 7. c3 Qb6 8. Qb3 c4 9. Qxb6 axb6 10. Bc2 Bf5 11. Bxf5 gxf5 12. h3 Nc6 13. Ne5 Ra6 14. f3 b5 15. Nxc6 bxc6 16. g4 fxg4 17. hxg4 Nd7 18. Bg3 c5 19. a3 b4 20. Ke2 bxc3 21. bxc3 cxd4 22. exd4 e5 23. dxe5 Nxe5 24. Bxe5 Bxe5 25. Rhc1 Re8 26. Kd1 Bd6 27. a4 Re3 28. Kc2 Be5 29. Ra3 Re2 30. Kd1 Rf2 31. Kc2 Bf4 32. Rd1 Ra5 33. Raa1 Kg7 34. Ra2 Kg6 35. Kb1 h6 36. Kc2 f6 37. Kb1 Bxd2 38. Rdxd2 Rxf3 39. Kc2 Rg3 40. Rd4 Kg5 41. Rb2 Rxg4 42. Rb5 Rg2+ 43. Rd2 Rxd2+ 44. Kxd2 Rxa4 45. Rxd5+ f5 46. Rd4 f4 47. Ke2 Kg4 48. Rd8 Ra2+ 49. Ke1 Rc2 0-1

[Event "FIDE WAC U1700 2021"]
[Site "Rhodes"]
[Date "2021.10.18"]
[Round "2.5"]
[White "Ruzic, Milos"]
[Black "Abdivaliev, Daniial"]
[Result "1-0"]
[ECO "C67"]
[WhiteElo "1666"]
[BlackElo "1482"]
[Annotator "NA RC"]
[PlyCount "91"]
[EventDate "2021.10.17"]
[EventType "swiss"]
[EventCountry "GRE"]
[SourceTitle "playchess.com"]
[Source "ChessBase"]
[SourceQuality "1"]
[TimeControl "5400+30"]

1. e4 e5 2. Nf3 Nc6 3. Bb5 Nf6 4. O-O Nxe4 5. d4 Be7 6. dxe5 O-O 7. Bf4 d5 8. h3 Bc5 9. c3 Ne7 10. Nbd2 c6 11. Bd3 f5 12. exf6 Nxf6 13. Qc2 h6 14. Rae1 Nh5 15. Be5 Nf4 16. Nd4 Nxd3 17. Qxd3 Nf5 18. N2b3 Bb6 19. Nxf5 Bxf5 20. Qg3 Rf7 21. Nd4 Bd7 22. Bd6 Bxd4 23. cxd4 Qb6 24. Qc3 Bf5 25. Re3 Rd8 26. Be5 Be4 27. Rg3 Kh7 28. Re1 Rdf8 29. f3 Bg6 30. Bd6 Rd8 31. Rxg6 Kxg6 32. Qd3+ Kh5 33. g4+ Kh4 34. Be5 Rdf8 35. Qg6 Rf4 36. Re2 R8f6 37. Qh5+ Kg3 38. Rg2+ Kxf3 39. g5+ Ke4 40. gxf6 Rxf6 41. Qg4+ Rf4 42. Qxf4+ Kd3 43. Qd2+ Kc4 44. Qc3+ Kb5 45. Qb3+ Ka6 46. Qxb6+ 1-0

[Event "FIDE WAC U1700 2021"]
[Site "Rhodes"]
[Date "2021.10.19"]
[Round "3.1"]
[White "Sodbilegt, Naranbold"]
[Black "Alhejab, Meshal"]
[Result "1-0"]
[ECO "C41"]
[WhiteElo "1638"]
[BlackElo "1681"]
[Annotator "NA RC"]
[PlyCount "71"]
[EventDate "2021.10.17"]
[EventType "swiss"]
[EventCountry "GRE"]
[SourceTitle "playchess.com"]
[Source "ChessBase"]
[SourceQuality "1"]
[TimeControl "5400+30"]

1. e4 d6 2. d4 Nf6 3. Nc3 Nbd7 4. Nf3 e5 5. Bc4 Be7 6. O-O O-O 7. a4 c6 8. Re1 b6 9. Bg5 h6 10. Bxf6 Bxf6 11. d5 c5 12. a5 bxa5 13. Bd3 Rb8 14. b3 Re8 15. Nd2 Nf8 16. Nc4 g5 17. Nxa5 Bd7 18. Nc4 Qc7 19. Ne3 Ng6 20. Ne2 Nf4 21. Ng3 Kh7 22. Ngf5 Rg8 23. Bc4 h5 24. Qd2 Rb7 25. Qa5 Qb8 26. Qa6 Bxf5 27. Nxf5 Rd8 28. Ra2 Rdd7 29. Rea1 Bd8 30. Qc6 Rbc7 31. Qa4 Be7 32. Bb5 Bf8 33. g3 Rb7 34. c4 Rxb5 35. cxb5 Nd3 36. b6 1-0

[Event "FIDE WAC U1700 2021"]
[Site "Rhodes"]
[Date "2021.10.19"]
[Round "3.2"]
[White "Abdulrahim, Salem"]
[Black "Ainakul, Mukhtar"]
[Result "*"]
[ECO "B51"]
[WhiteElo "1629"]
[BlackElo "1674"]
[Annotator "NA RC"]
[PlyCount "44"]
[EventDate "2021.10.17"]
[EventType "swiss"]
[EventCountry "GRE"]
[SourceTitle "playchess.com"]
[Source "ChessBase"]
[SourceQuality "1"]
[TimeControl "5400+30"]

1. e4 c5 2. Nf3 d6 3. Bb5+ Nd7 4. c4 g6 5. Nc3 Bg7 6. d3 a6 7. Ba4 e6 8. O-O Ne7 9. Bf4 Qb6 10. Qd2 O-O 11. Bxd7 Bxd7 12. Bh6 Nc6 13. h4 Ne5 14. Nxe5 dxe5 15. Bxg7 Kxg7 16. h5 Qd8 17. Qe3 b6 18. Qg3 Qf6 19. f4 exf4 20. Rxf4 Qd4+ 21. Kh2 f6 22. Rg4 Be8 *

[Event "FIDE WAC U1700 2021"]
[Site "Rhodes"]
[Date "2021.10.19"]
[Round "3.3"]
[White "Bozkurt, Serkan"]
[Black "Perrakis, Polychronis"]
[Result "1/2-1/2"]
[ECO "E04"]
[WhiteElo "1668"]
[BlackElo "1627"]
[Annotator "NA RC"]
[PlyCount "95"]
[EventDate "2021.10.17"]
[EventType "swiss"]
[EventCountry "GRE"]
[SourceTitle "playchess.com"]
[Source "ChessBase"]
[SourceQuality "1"]
[TimeControl "5400+30"]

1. d4 d5 2. Nf3 Nf6 3. g3 e6 4. Bg2 c5 5. O-O Nc6 6. c4 dxc4 7. dxc5 Qa5 8. Na3 c3 9. bxc3 Bxc5 10. Qb3 O-O 11. Nc4 Qc7 12. Bf4 Qe7 13. Nfe5 Nd5 14. Nxc6 bxc6 15. Na5 Nxf4 16. Nxc6 Nxe2+ 17. Kh1 Qc7 18. Qc4 Bb7 19. Qxc5 Bxc6 20. Qxc6 Qxc6 21. Bxc6 Rac8 22. Bf3 Nxc3 23. Rfc1 Rc5 24. Rab1 Rfc8 25. Rb3 g6 26. Rc2 a5 27. Rd2 R8c7 28. Kg2 Kg7 29. g4 e5 30. h4 f5 31. g5 e4 32. Bd1 h6 33. Rb8 hxg5 34. hxg5 f4 35. Bb3 Rxg5+ 36. Kf1 e3 37. Rg8+ Kh7 38. fxe3 fxe3 39. Rh2+ Rh5 40. Rxh5+ gxh5 41. Rg5 a4 42. Bc2+ Kh8 43. Rxh5+ Kg8 44. Rh3 Re7 45. a3 Kg7 46. Rh7+ Kf6 47. Rxe7 Kxe7 48. Bxa4 1/2-1/2

[Event "FIDE WAC U1700 2021"]
[Site "Rhodes"]
[Date "2021.10.19"]
[Round "3.4"]
[White "Alrashidi, Yousef"]
[Black "Ruzic, Milos"]
[Result "*"]
[ECO "B08"]
[WhiteElo "1610"]
[BlackElo "1666"]
[Annotator "NA RC"]
[PlyCount "51"]
[EventDate "2021.10.17"]
[EventType "swiss"]
[EventCountry "GRE"]
[SourceTitle "playchess.com"]
[Source "ChessBase"]
[SourceQuality "1"]
[TimeControl "5400+30"]

1. e4 d6 2. Nf3 Nf6 3. Nc3 g6 4. d4 c6 5. h3 Bg7 6. Bd3 Nbd7 7. Be3 e5 8. dxe5 dxe5 9. O-O O-O 10. Qd2 Re8 11. Rad1 b5 12. Ne2 Qe7 13. Bg5 Nc5 14. Ng3 Nxd3 15. cxd3 Qd6 16. Bh6 Bb7 17. Bxg7 Kxg7 18. Qg5 Kh8 19. d4 Qe7 20. Nxe5 c5 21. f4 Nxe4 22. Qxe7 Rxe7 23. Nxe4 Bxe4 24. Rfe1 f5 25. d5 Kg7 26. d6 *

[Event "FIDE WAC U1700 2021"]
[Site "Rhodes"]
[Date "2021.10.19"]
[Round "3.5"]
[White "Abubakirov, Khumid"]
[Black "Michailov, Andrej"]
[Result "1-0"]
[ECO "D00"]
[WhiteElo "1615"]
[BlackElo "1656"]
[Annotator "NA RC"]
[PlyCount "77"]
[EventDate "2021.10.17"]
[EventType "swiss"]
[EventCountry "GRE"]
[SourceTitle "playchess.com"]
[Source "ChessBase"]
[SourceQuality "1"]
[TimeControl "5400+30"]

1. Nf3 d5 2. d4 Nf6 3. Nc3 Bf5 4. Nh4 e6 5. Nxf5 exf5 6. Qd3 g6 7. Qb5+ Nbd7 8. Qxb7 Bg7 9. Nxd5 Nxd5 10. Qxd5 O-O 11. c3 Qe7 12. Qc6 Rfc8 13. h4 Rab8 14. h5 Rb6 15. Qc4 c5 16. hxg6 hxg6 17. dxc5 Rxc5 18. Qh4 Qxh4 19. Rxh4 Rxc3 20. Rb1 Rc2 21. f3 Be5 22. Kf2 Bxb2 23. Be3 Ra6 24. a4 Nf6 25. Rd1 Rc8 26. Rd2 Be5 27. Bg5 Nh5 28. Rh1 Rxa4 29. e3 Ra1 30. f4 Bf6 31. Rxh5 Bc3 32. Rh6 f6 33. Rd7 fxg5 34. Rxg6+ Kf8 35. Rxg5 Be1+ 36. Kf3 Bh4 37. Rxf5+ Ke8 38. Bb5 a6 39. Rd1+ 1-0

[Event "FIDE WAC U1700 2021"]
[Site "Rhodes"]
[Date "2021.10.20"]
[Round "4.1"]
[White "Ainakul, Mukhtar"]
[Black "Fishchuk, Vladyslav"]
[Result "1-0"]
[ECO "A23"]
[WhiteElo "1674"]
[BlackElo "1648"]
[Annotator "NA"]
[PlyCount "63"]
[EventDate "2021.10.17"]
[EventType "swiss"]
[EventCountry "GRE"]
[SourceTitle "playchess.com"]
[Source "ChessBase"]
[SourceQuality "1"]
[TimeControl "5400+30"]

1. c4 e5 2. g3 c6 3. Bg2 d5 4. cxd5 cxd5 5. Nc3 Nf6 6. d3 Nc6 7. Nf3 d4 8. Nb1 Bb4+ 9. Nbd2 O-O 10. O-O Be6 11. a3 Bxd2 12. Bxd2 Rc8 13. b4 a6 14. Bg5 h6 15. Bxf6 Qxf6 16. Nd2 Qe7 17. Rc1 f5 18. Rc5 Bf7 19. Qc2 Na7 20. Rc1 b6 21. Rc7 Qd6 22. Bb7 Rxc7 23. Qxc7 Qxc7 24. Rxc7 Nb5 25. Re7 Nd6 26. Bxa6 Ra8 27. b5 Re8 28. Rd7 Re6 29. a4 Be8 30. Rd8 Kf8 31. Rb8 Nf7 32. Nc4 1-0

[Event "FIDE WAC U1700 2021"]
[Site "Rhodes"]
[Date "2021.10.20"]
[Round "4.2"]
[White "Ruzic, Milos"]
[Black "Sodbilegt, Naranbold"]
[Result "0-1"]
[ECO "B22"]
[WhiteElo "1666"]
[BlackElo "1638"]
[Annotator "NA"]
[PlyCount "72"]
[EventDate "2021.10.17"]
[EventType "swiss"]
[EventCountry "GRE"]
[SourceTitle "playchess.com"]
[Source "ChessBase"]
[SourceQuality "1"]
[TimeControl "5400+30"]

1. e4 c5 2. c3 d5 3. e5 d4 4. cxd4 cxd4 5. Bc4 Nc6 6. Nf3 e6 7. O-O Bc5 8. d3 Nge7 9. Bf4 Ng6 10. Bg3 a6 11. a3 b5 12. Ba2 Bb7 13. Nbd2 Be7 14. Rc1 O-O 15. Ne4 Na7 16. Nc5 Bxc5 17. Rxc5 Nc6 18. Qe2 Qb6 19. Rfc1 Rac8 20. b4 a5 21. Qb2 axb4 22. axb4 Rfd8 23. Ng5 Nce7 24. Ne4 Bxe4 25. dxe4 Nc6 26. Bb1 h5 27. h4 Nge7 28. Bd3 Na7 29. f4 Rxc5 30. Rxc5 Nec6 31. Be1 Qa6 32. Qd2 Qa3 33. Bxb5 Nxb5 34. Rxb5 d3 35. Rc5 Nd4 36. Rc3 Qxc3 0-1

[Event "FIDE WAC U1700 2021"]
[Site "Rhodes"]
[Date "2021.10.20"]
[Round "4.3"]
[White "Murray, Sam"]
[Black "Abubakirov, Khumid"]
[Result "1/2-1/2"]
[ECO "B01"]
[WhiteElo "1674"]
[BlackElo "1615"]
[Annotator "NA"]
[PlyCount "54"]
[EventDate "2021.10.17"]
[EventType "swiss"]
[EventCountry "GRE"]
[SourceTitle "playchess.com"]
[Source "ChessBase"]
[SourceQuality "1"]
[TimeControl "5400+30"]

1. e4 d5 2. exd5 Qxd5 3. Ne2 Bg4 4. Nbc3 Qa5 5. h3 Bh5 6. g4 Bg6 7. Bg2 c6 8. d3 e6 9. Bf4 e5 10. Bg3 Nd7 11. Qd2 f6 12. f4 O-O-O 13. O-O-O Bd6 14. f5 Bf7 15. Ne4 Qxd2+ 16. Kxd2 Bf8 17. Bf2 Kc7 18. a4 Bd5 19. N2g3 Bf7 20. h4 Nb6 21. Bxb6+ Kxb6 22. Ke3 Rd4 23. b3 Ne7 24. c4 Nc8 25. g5 Be7 26. gxf6 gxf6 27. Bf3 h5 1/2-1/2

[Event "FIDE WAC U1700 2021"]
[Site "Rhodes"]
[Date "2021.10.20"]
[Round "4.4"]
[White "Apostolakis, Ioannis"]
[Black "Bozkurt, Serkan"]
[Result "0-1"]
[ECO "D94"]
[WhiteElo "1423"]
[BlackElo "1668"]
[Annotator "NA"]
[PlyCount "52"]
[EventDate "2021.10.17"]
[EventType "swiss"]
[EventCountry "GRE"]
[SourceTitle "playchess.com"]
[Source "ChessBase"]
[SourceQuality "1"]
[TimeControl "5400+30"]

1. d4 Nf6 2. c4 g6 3. Nc3 d5 4. e3 Bg7 5. Nf3 O-O 6. Bd3 dxc4 7. Bxc4 c5 8. O-O a6 9. a4 Nc6 10. Ne5 cxd4 11. Nxc6 bxc6 12. exd4 Bg4 13. Be2 Bxe2 14. Qxe2 e6 15. Be3 Qd6 16. Rfd1 Rfb8 17. Rac1 a5 18. Qd2 Qb4 19. Bf4 Rb6 20. Qd3 Nd5 21. Bd2 Qxd4 22. Nxd5 Qxd3 23. Nxb6 Rd8 24. Nc4 Bh6 25. Ne5 Qe2 26. Nf3 Bxd2 0-1

[Event "FIDE WAC U1700 2021"]
[Site "Rhodes"]
[Date "2021.10.20"]
[Round "4.5"]
[White "Perrakis, Polychronis"]
[Black "Sulaimanov, Tilekmatali"]
[Result "0-1"]
[ECO "B20"]
[WhiteElo "1627"]
[BlackElo "1657"]
[Annotator "NA"]
[PlyCount "58"]
[EventDate "2021.10.17"]
[EventType "swiss"]
[EventCountry "GRE"]
[SourceTitle "playchess.com"]
[Source "ChessBase"]
[SourceQuality "1"]
[TimeControl "5400+30"]

1. e4 c5 2. b3 e6 3. Bb2 d5 4. e5 d4 5. f4 Ne7 6. Nf3 Nbc6 7. g3 Ng6 8. d3 f6 9. Qe2 fxe5 10. fxe5 Qc7 11. Bg2 Ngxe5 12. Nxe5 Nxe5 13. O-O Bd7 14. Bxb7 Qxb7 15. Qxe5 O-O-O 16. Nd2 Qd5 17. Nc4 Be7 18. Qxd5 exd5 19. Ne5 Bh3 20. Rf7 Bg5 21. Bc1 Bf6 22. Nc6 Rd7 23. Rxd7 Bxd7 24. Na5 Re8 25. Kf2 Bg4 26. h3 Bxh3 27. Bd2 Rf8 28. Rh1 Bh4+ 29. Bf4 Rxf4+ 0-1

[Event "FIDE WAC U1700 2021"]
[Site "Rhodes"]
[Date "2021.10.21"]
[Round "5.1"]
[White "Sodbilegt, Naranbold"]
[Black "Ainakul, Mukhtar"]
[Result "1/2-1/2"]
[ECO "B12"]
[WhiteElo "1638"]
[BlackElo "1674"]
[Annotator "NA"]
[PlyCount "62"]
[EventDate "2021.10.17"]
[EventType "swiss"]
[EventCountry "GRE"]
[SourceTitle "playchess.com"]
[Source "ChessBase"]
[SourceQuality "1"]
[TimeControl "5400+30"]

1. e4 c6 2. d4 d5 3. e5 Bf5 4. Nf3 e6 5. Be2 Ne7 6. O-O c5 7. c3 Nec6 8. Be3 Nd7 9. Qd2 Be7 10. Ne1 O-O 11. f4 Rc8 12. Nf3 cxd4 13. Nxd4 Nxd4 14. Bxd4 Nc5 15. Bf3 Qd7 16. Kh1 Qa4 17. Bd1 Qa6 18. Be2 b5 19. Bxc5 Bxc5 20. a4 f6 21. b4 Be7 22. Bxb5 Qb6 23. Na3 fxe5 24. fxe5 Qc7 25. Bd3 Qxe5 26. Bxf5 Rxf5 27. Rxf5 Qxf5 28. Nb5 Rf8 29. Qe2 Bf6 30. Rf1 Qe4 31. Qxe4 dxe4 1/2-1/2

[Event "FIDE WAC U1700 2021"]
[Site "Rhodes"]
[Date "2021.10.21"]
[Round "5.2"]
[White "Bozkurt, Serkan"]
[Black "Abubakirov, Khumid"]
[Result "1-0"]
[ECO "A01"]
[WhiteElo "1668"]
[BlackElo "1615"]
[Annotator "NA"]
[PlyCount "30"]
[EventDate "2021.10.17"]
[EventType "swiss"]
[EventCountry "GRE"]
[SourceTitle "playchess.com"]
[Source "ChessBase"]
[SourceQuality "1"]
[TimeControl "5400+30"]

1. b3 e5 2. Bb2 Nc6 3. e3 d5 4. Bb5 Bd6 5. Nf3 Qe7 6. c4 Nf6 7. c5 Bxc5 8. Nxe5 Bd7 9. Nxd7 Qxd7 10. Qc2 Be7 11. O-O O-O 12. Bxc6 bxc6 13. Rc1 c5 14. Ba3 Ne4 15. d3 Nd6 1-0

[Event "FIDE WAC U1700 2021"]
[Site "Rhodes"]
[Date "2021.10.21"]
[Round "5.3"]
[White "Sulaimanov, Tilekmatali"]
[Black "Ruzic, Milos"]
[Result "1-0"]
[ECO "E65"]
[WhiteElo "1657"]
[BlackElo "1666"]
[Annotator "NA"]
[PlyCount "77"]
[EventDate "2021.10.17"]
[EventType "swiss"]
[EventCountry "GRE"]
[SourceTitle "playchess.com"]
[Source "ChessBase"]
[SourceQuality "1"]
[TimeControl "5400+30"]

1. d4 d6 2. Nf3 Nf6 3. g3 g6 4. Bg2 Bg7 5. O-O Nbd7 6. b3 c5 7. Bb2 cxd4 8. Nxd4 O-O 9. c4 a6 10. Nc3 Rb8 11. e4 Nc5 12. b4 Ne6 13. Nd5 Nxd5 14. exd5 Nxd4 15. Bxd4 e5 16. dxe6 Bxe6 17. Bxg7 Kxg7 18. Bd5 b5 19. Bxe6 fxe6 20. Qd4+ e5 21. Qa7+ Rf7 22. Qxa6 bxc4 23. Qxc4 d5 24. Qc3 d4 25. Qc5 Rf5 26. Rad1 Rc8 27. Qa7+ Rc7 28. Qa3 Qf6 29. Qb2 Rf3 30. a4 Rcc3 31. Rc1 e4 32. Qe2 Qe5 33. Rce1 Qd6 34. Qxe4 Qxb4 35. Rd1 Qxa4 36. Rxd4 Qa2 37. Rd7+ Kg8 38. Qd4 Kf8 39. Rd6 1-0

[Event "FIDE WAC U1700 2021"]
[Site "Rhodes"]
[Date "2021.10.21"]
[Round "5.4"]
[White "Abdulrahim, Salem"]
[Black "Alhejab, Meshal"]
[Result "1-0"]
[ECO "B07"]
[WhiteElo "1629"]
[BlackElo "1681"]
[Annotator "NA"]
[PlyCount "87"]
[EventDate "2021.10.17"]
[EventType "swiss"]
[EventCountry "GRE"]
[SourceTitle "playchess.com"]
[Source "ChessBase"]
[SourceQuality "1"]
[TimeControl "5400+30"]

1. e4 d6 2. d4 Nf6 3. Nc3 Nbd7 4. f4 e5 5. Nf3 exd4 6. Qxd4 c6 7. Be3 d5 8. exd5 Bc5 9. Qd3 Qe7 10. Nd4 Ng4 11. Nf5 Qf6 12. dxc6 bxc6 13. Bxc5 Nxc5 14. Nd6+ Kd7 15. Qf5+ Qxf5 16. Nxf5 Kc7 17. Nd4 Re8+ 18. Be2 Ne3 19. Kf2 Ne4+ 20. Nxe4 Rxe4 21. c3 Nf5 22. Bf3 Rxf4 23. g3 Nxd4 24. gxf4 Nxf3 25. Kxf3 Rb8 26. b3 h5 27. Rhe1 Bg4+ 28. Kg3 Rd8 29. Re7+ Kb6 30. Rxf7 Rd3+ 31. Kh4 g6 32. Kg5 Bf5 33. Rxf5 gxf5 34. Kxh5 Rh3+ 35. Kg5 Rxh2 36. Kxf5 Kc7 37. Kf6 Kd7 38. f5 Ke8 39. Re1+ Kf8 40. Re6 c5 41. c4 a5 42. Re5 Rxa2 43. Rxc5 Ke8 44. Ke6 1-0